 Dungeon Crawl Stone Soup version 0.17.2-1-ge4368a0 (webtiles) character file.

30 Goblin1989 the Chopper (level 3, -9/29 HPs)
             Began as a Demonspawn Berserker on July 27, 2016.
             Was a Believer of Trog.
             Killed by divine providence
             ... invoked by an orc priest
              (16 damage)
             ... on level 3 of the Dungeon.
             The game lasted 00:04:50 (543 turns).

Goblin1989 the Chopper (Demonspawn Berserker)        Turns: 543, Time: 00:04:50

Health: -9/29      AC: 10    Str: 18    XL:     3   Next: 5%
Magic:  3/3        EV:  7    Int:  8    God:    Trog [**....]
Gold:   53         SH:  0    Dex: 14    Spells: 0 memorised, 2 levels left

rFire  . . .     SeeInvis .     a - +0 hand axe
rCold  . . .     Clarity  .     e - +0 chain mail
rNeg   . . .     SustAt   .     (no shield)
rPois  .         Gourm    .     (no helmet)
rElec  .         Spirit   .     h - +0 cloak
rCorr  .         Warding  .     (no gloves)
rMut   .         Stasis   .     d - +0 pair of boots
MR     .....                    (no amulet)
Stlth  ..........               (no ring)
                                (no ring)

@: exhausted, not resistant to hostile enchantments, extremely unstealthy
A: thin skeletal structure 1, demonic guardian 1
a: Berserk, Trog's Hand, Burn Spellbooks, Renounce Religion


You were on level 3 of the Dungeon.
You worshipped Trog.
Trog was pleased with you.
You were not hungry.

You visited 1 branch of the dungeon, and saw 3 of its levels.

You collected 53 gold pieces.

Inventory:

Hand Weapons
 a - a +0 hand axe (weapon)
Armour
 d - a +0 pair of boots (worn)
 e - a +0 chain mail (worn)
 h - a +0 cloak (worn)
Jewellery
 f - an uncursed ring of fire
 l - a cursed amulet of inaccuracy {unknown}
Scrolls
 g - 2 scrolls of remove curse {unknown}
 i - 2 scrolls of enchant weapon {unknown}
 j - 2 scrolls of identify {unknown}
 q - a scroll of enchant armour {unknown}
Potions
 b - 2 potions of degeneration {unknown}
 m - a potion of agility {unknown}
 o - 2 potions of heal wounds {unknown}
 p - a potion of brilliance {unknown}
Comestibles
 c - 2 bread rations
 k - a meat ration
 n - 2 slices of pizza


   Skills:
 - Level 3.0 Fighting
 + Level 3.8 Axes
 - Level 1.7 Armour
 - Level 1.7 Dodging


You had 2 spell levels left.
You didn't know any spells.

Dungeon Overview and Level Annotations

Branches:
Dungeon (3/15)

Altars:
Ru


Innate Abilities, Weirdness & Mutations

You have a somewhat thin skeletal structure (Dex +2, Stealth).
A weak demonic guardian rushes to your aid.


Message History

Read which item? (? for menu, Esc to quit)
Okay, then.
Found a club.
Found an escape hatch in the floor.
Found a sacrificial altar of Ru.
You feel yourself speed up.
Found a rapier.
An orc priest comes into view. It is wielding a mace.
The orc priest shouts!
An orc and an orc wizard come into view.
The orc wizard shouts!
The orc shouts!
The orc priest mumbles some strange prayers to Beogh against you.
Pain shoots through your body!
* * * LOW HITPOINT WARNING * * *
The orc wizard casts a cantrip, but nothing happens.
You take 9 damage, and have 7/29 hp.
MASSIVE DAMAGE!!
The orc priest mumbles some strange prayers to Beogh against you.
Something smites you!
Ouch! That really hurt!
You die...

.#.#......###
.#.#........#..
'#.#.#..#...#..#
...#.#..#......+
'#.#..........##### # ..
.#.#.##........+..#_.+...
.#.#........#..#..#..#).#
##.#.##.....# #.....#..#
...#(##.#.######@....####
##.#........#...........#
.#.#..###......5#####.ooo
.#.#.## #.##........# ...
†#.#.# #.###.......# ..
...#.# #.# ##.....## #
+#.#.# #.# #.....# .#.#.#
#)#........#
.#.#.####.#.##.)<..#


You could see an orc priest, an orc and a friendly quasit.

Vanquished Creatures
  3 giant geckos
  An orc (D:3)
  A giant cockroach (D:3)
  3 goblins
  2 hobgoblins
  2 giant newts
  5 kobolds
  5 rats
22 creatures vanquished.

Vanquished Creatures (collateral kills)
  A gnoll (D:1)
1 creature vanquished.

Grand Total: 23 creatures vanquished

Notes
Turn   | Place    | Note
--------------------------------------------------------------
     0 | D:1      | Goblin1989 the Demonspawn Berserker began the quest for the Orb.
     0 | D:1      | Reached XP level 1. HP: 18/18 MP: 1/1
    72 | D:1      | Gained mutation: A weak demonic guardian rushes to your aid. [demonic ancestry]
    72 | D:1      | Reached XP level 2. HP: 5/24 MP: 2/2
   448 | D:3      | Reached ** piety under Trog
   502 | D:3      | Gained mutation: You have a somewhat thin skeletal structure (Dex +2, Stealth). [demonic ancestry]
   502 | D:3      | Reached XP level 3. HP: 23/29 MP: 3/3
   537 | D:3      | Found a sacrificial altar of Ru.
   543 | D:3      | Killed from afar by an orc priest

Action                   || total
-------------------------++-------
Melee: Hand axe          ||    86
Invok: Berserk           ||     1
       Trog's Hand       ||     1
